 Dungeon Crawl Stone Soup version 0.18.1-47-g9310371 (webtiles) character file.

37 mindo the Conjurer (level 3, -3/19 HPs)
             Began as a Deep Elf Conjurer on June 13, 2016.
             Slain by an adder (4 damage)
             ... on level 2 of the Dungeon.
             The game lasted 00:06:41 (1432 turns).

mindo the Conjurer (Deep Elf Conjurer)              Turns: 1432, Time: 00:06:42

Health: -3/19      AC:  2    Str:  5    XL:     3   Next: 23%
Magic:  4/9        EV: 13    Int: 20    God:
Gold:   100        SH:  0    Dex: 15    Spells: 2 memorised, 5 levels left

rFire  . . .     SeeInvis .     (no weapon)
rCold  . . .     Gourm    .     a - +0 robe
rNeg   . . .     Faith    .     (no shield)
rPois  .         Spirit   .     (no helmet)
rElec  .         Dismiss  .     (no cloak)
rCorr  .         Reflect  .     (no gloves)
SustAt .         Harm     .     (no boots)
MR     .....                    (no amulet)
Stlth  ++........               (no ring)
                                (no ring)

@: lethally poisoned (-3 -> -6), not resistant to hostile enchantments,
unstealthy
A: no striking features
a: no special abilities


You were on level 2 of the Dungeon.
You were very hungry.

You visited 1 branch of the dungeon, and saw 2 of its levels.

You collected 100 gold pieces.

Inventory:

Armour
 a - a +0 robe (worn)
Scrolls
 d - 2 scrolls of teleportation {unknown}
 e - 3 scrolls of amnesia {unknown}
 j - a scroll of remove curse {unknown}
 l - a scroll of immolation {unknown}
 m - a scroll of enchant armour {unknown}
 n - a scroll of identify {unknown}
 o - a scroll of recharging {unknown}
Potions
 f - a potion of heal wounds {unknown}
 g - 2 potions of curing {unknown}
 i - a potion of flight {unknown}
 k - a potion of might {unknown}
Books
 b - a book of Conjurations

   Spells                             Type                      Level
   a - Magic Dart                     Conjuration                  1
   b - Searing Ray                    Conjuration                  2
   c - Dazzling Spray                 Conjuration/Hexes            3
   d - Fulminant Prism                Conjuration/Hexes            4
   e - Iskenderun's Mystic Blast      Conjuration                  4
   f - Iskenderun's Battlesphere      Conjuration/Charms           5
Comestibles
 c - 4 bread rations
 h - a meat ration


   Skills:
 - Level 2.5 Dodging
 + Level 2.5 Stealth
 * Level 3.3 Spellcasting
 + Level 5.4 Conjurations


You had 5 spell levels left.
You knew the following spells:

 Your Spells              Type           Power        Failure   Level  Hunger
a - Magic Dart            Conj           ###.         1%          1    None
b - Searing Ray           Conj           ###...       2%          2    ##.....


Dungeon Overview and Level Annotations

Branches:
Dungeon (2/15)

Altars:


Message History

The adder misses you.
Casting: Magic Dart
Confirm with . or Enter, or press ? or * to list all spells.
Aiming: Searing Ray
Press: ? - help, Shift-Dir - straight line, f - adder
Aim: an adder The searing ray hits the adder.
The adder is moderately wounded.
The adder bites you.
* * * LOW HITPOINT WARNING * * *
The searing ray misses the adder.
The searing ray hits the goblin.
You kill the goblin!
* * * LOW HITPOINT WARNING * * *
You feel sick. The adder barely misses you.
The searing ray misses the adder.
The adder bites you.
* * * LOW HITPOINT WARNING * * *
The adder closely misses you.
The searing ray misses the adder.
The adder closely misses you. The adder bites you.
You die...

. .. ... .... ...?.
#### ......####(..#
.........'...+
.#######S#...# #@#...#
#####'#...# # #......#
# ##### #. #......#
....# #.#......# ....#
#........# ....#
##.......####
....#######..#.......#
....#....###.#.......#


You could see an adder.

Vanquished Creatures
  3 oozes
  2 giant cockroaches (D:1)
  4 goblins
  5 hobgoblins (D:1)
  2 kobolds (D:1)
  A quokka (D:2)
  A ball python (D:1)
  2 bats (D:1)
  2 rats (D:1)
22 creatures vanquished.

Notes
Turn   | Place    | Note
--------------------------------------------------------------
     0 | D:1      | mindo the Deep Elf Conjurer began the quest for the Orb.
     0 | D:1      | Reached XP level 1. HP: 10/10 MP: 6/6
   121 | D:1      | Reached XP level 2. HP: 15/15 MP: 1/8
   177 | D:1      | Reached skill level 5 in Conjurations
   700 | D:1      | Reached XP level 3. HP: 19/19 MP: 5/9
  1269 | D:2      | Found a faded altar to an unknown god.
  1287 | D:2      | Learned a level 2 spell: Searing Ray
  1432 | D:2      | Slain by an adder

Skill      XL: |  1  2 |
---------------+-------+-----
Conjurations   | 5 |  5.4
Dodging        | |  2.5
Stealth        | |  2.5
Spellcasting   | |  3.3

Action                   || total
-------------------------++-------
Melee: Unarmed           ||     6
 Cast: Magic Dart        ||    48
       Searing Ray       ||     2
Armor: Robe              ||    10
Dodge: Dodged            ||    20
